 Dungeon Crawl Stone Soup version 0.19.1 (webtiles) character file.

133 Gargoyl the Skirmisher (level 4, -3/36 HPs)
             Began as a Demonspawn Abyssal Knight on Nov 25, 2016.
             Was a Follower of Lugonu.
             Slain by Sigmund
             ... wielding a +0 scythe
              (5 damage)
             ... on level 3 of the Dungeon.
             The game lasted 00:04:13 (2984 turns).

Gargoyl the Skirmisher (Demonspawn Abyssal Knight)  Turns: 2984, Time: 00:04:14

Health: -3/36      AC:  6    Str: 14      XL:     4   Next: 93%
Magic:  0/15       EV: 11    Int: 15 (16) God:    Lugonu [*.....]
Gold:   100        SH:  0    Dex: 16      Spells: 0 memorised, 3 levels left

rFire  . . .     SeeInvis .     a - +1 hand axe
rCold  . . .     Gourm    .     s - +0 ring mail
rNeg   . . .     Faith    .     (no shield)
rPois  .         Spirit   +     (no helmet)
rElec  .         Reflect  .     (no cloak)
rCorr  .         Harm     .     j - +0 pair of gloves
MR     .....                    (no boots)
Stlth  ++........               (no amulet)
                                h - +3 ring of intelligence
                                e - ring of magical power

@: no status effects
A: thin skeletal structure 2, magic shield
a: Depart the Abyss, Renounce Religion


You were on level 3 of the Dungeon.
You worshipped Lugonu.
Lugonu was aware of your devotion.
You were hungry.

You visited 1 branch of the dungeon, and saw 3 of its levels.
You visited the Abyss 1 time.

You collected 100 gold pieces.

Inventory:

Hand Weapons
 a - a +1 hand axe (weapon)
Armour
 j - a +0 pair of gloves (worn)
 s - a +0 ring mail (worn)
Jewellery
 e - a ring of magical power (left hand)
 h - a +3 ring of intelligence (right hand)
Scrolls
 b - a scroll of enchant armour {unknown}
 d - 3 scrolls of identify
 i - a scroll of immolation {unknown}
 l - a scroll of remove curse
 n - a scroll of blinking
 o - a scroll of fog {unknown}
 r - a scroll of teleportation {unknown}
Books
 q - a book of Cantrips

   Spells                             Type                      Level
   a - Confusing Touch                Hexes                        1
   b - Animate Skeleton               Necromancy                   1
   c - Summon Small Mammal            Summoning                    1
   d - Apportation                    Translocation                1
Comestibles
 c - 6 bread rations
 f - 2 meat rations
 g - 4 fruits
 m - a beef jerky


   Skills:
 + Level 3.6 Fighting
 + Level 2.8 Axes
 * Level 2.7 Armour
 + Level 1.6 Dodging
 * Level 3.4 Invocations


You had 3 spell levels left.
You didn't know any spells.

Dungeon Overview and Level Annotations

Branches:
Dungeon (3/15)

Altars:

Annotations:
D:3 Sigmund


Innate Abilities, Weirdness & Mutations

You have a moderately thin skeletal structure. (Dex +4, Stealth+)
When hurt, damage is shared between your health and your magic reserves.


Message History

You feel less confused. Something hits you!
* * * LOW HITPOINT WARNING * * *
It was a potion of heal wounds.
You feel much better. Something hits you but does no damage.
You miss something.
You hear some strange, mumbled words.
Something tries to affect you, but you resist.
Unknown command.
You closely miss something. Something hits you!
You miss something. You miss something. Something hits you!
* * * LOW HITPOINT WARNING * * *
You hit something.
You hear some strange, mumbled words.
A magic dart appears from out of thin air!
The magic dart hits you!
* * * LOW HITPOINT WARNING * * *
You barely miss something. Something hits you.
You die...

#........#
#........#
#........#
#........#
#........#
#........#
#........#
#...{@...#
####...))...#
.......>....#
#######'#####
#.#
########.#
#........#
#........#
#........#


There were no monsters in sight!

Vanquished Creatures
  Natasha (D:3)
  4 adders (D:2)
  A worm (D:2)
  4 dart slugs
  3 leopard geckos (D:2)
  9 orcs
  3 goblins
  6 hobgoblins
  2 jackals (D:1)
  5 kobolds
  2 ball pythons
  4 bats
  2 frilled lizards (D:2)
  5 rats
51 creatures vanquished.

Notes
Turn   | Place    | Note
-------+----------+-------------------------------------------
     0 | Abyss:1  | Gargoyl the Demonspawn Abyssal Knight began the quest for the Orb.
     0 | Abyss:1  | Reached XP level 1. HP: 18/18 MP: 2/2
    48 | Abyss:1  | Noticed a blizzard demon
   121 | Abyss:1  | Noticed a smoke demon
   125 | D:1      | Escaped the Abyss
   148 | D:1      | Reached skill level 1 in Dodging
   279 | D:1      | Reached * piety under Lugonu
   656 | D:1      | Gained mutation: You have a somewhat thin skeletal structure. (Dex +2, Stealth) [demonic ancestry]
   656 | D:1      | Reached XP level 2. HP: 22/24 MP: 3/3
  1280 | D:2      | Gained mutation: You have a moderately thin skeletal structure. (Dex +4, Stealth+) [demonic ancestry]
  1280 | D:2      | Reached XP level 3. HP: 27/29 MP: 5/5
  1728 | D:2      | Gained mutation: When hurt, damage is shared between your health and your magic reserves. [demonic ancestry]
  1728 | D:2      | Reached XP level 4. HP: 14/36 MP: 6/6
  2375 | D:3      | Noticed Natasha
  2384 | D:3      | Killed Natasha
  2524 | D:3      | Found a faded altar of an unknown god.
  2959 | D:3      | Noticed Sigmund
  2984 | D:3      | Slain by Sigmund

Skill      XL: |  1  2  3 |
---------------+----------+-----
Dodging        | 1 |  1.6
Armour         | 2 |  2.7
Axes           | 2 |  2.8
Invocations    | 3 |  3.4
Fighting       | |  3.6

Action                   |  1- 3 |  4- 6 || total
-------------------------+-------+-------++-------
Melee: Hand axe          |    99 |    83 ||   182
Invok: Depart the Abyss  |     1 |       ||     1
  Use: Scroll            |     3 |       ||     3
       Potion            |     1 |     1 ||     2
 Stab: Sleeping          |     1 |     1 ||     2
  Eat: Chunk             |     3 |     3 ||     6
Armor: Leather armour    |    34 |    14 ||    48
       Ring mail         |       |    12 ||    12
Dodge: Dodged            |    88 |    50 ||   138
